[ AOE2 MATCH · #466515944 ]
UnrankedPoles vs Mongols
[ REPLAY ANALYSIS · EXTRACTED FROM THE RECORDED GAME ]
Feudal
—
Castle
—
Imperial
—
| APM avg | 34.3 |
| APM peak | 40 |
| eAPM avg | 16.3 |
| Villagers / military | 5 / 0 |
Focus
⚔️ 0.0% · 🌾 100.0%
Feudal
—
Castle
—
Imperial
—
| APM avg | 48.0 |
| APM peak | 56 |
| eAPM avg | 16.3 |
| Villagers / military | 5 / 0 |
Focus
⚔️ 0.0% · 🌾 100.0%
Feudal
—
Castle
—
Imperial
—
| APM avg | 47.1 |
| APM peak | 47 |
| eAPM avg | 21.4 |
| Villagers / military | 5 / 0 |
Focus
⚔️ 0.0% · 🌾 100.0%
Feudal
—
Castle
—
Imperial
—
| APM avg | 27.4 |
| APM peak | 32 |
| eAPM avg | 11.1 |
| Villagers / military | 4 / 0 |
Focus
⚔️ 0.0% · 🌾 100.0%
Feudal
—
Castle
—
Imperial
—
| APM avg | 30.8 |
| APM peak | 34 |
| eAPM avg | 14.6 |
| Villagers / military | 7 / 0 |
Focus
⚔️ 15.4% · 🌾 84.6%
Feudal
—
Castle
—
Imperial
—
| APM avg | 17.1 |
| APM peak | 19 |
| eAPM avg | 11.1 |
| Villagers / military | 5 / 0 |
Focus
⚔️ 0.0% · 🌾 100.0%
Feudal
—
Castle
—
Imperial
—
| APM avg | 45.4 |
| APM peak | 48 |
| eAPM avg | 30.0 |
| Villagers / military | 6 / 0 |
Focus
⚔️ 27.3% · 🌾 72.7%
Feudal
—
Castle
—
Imperial
—
| APM avg | 48.8 |
| APM peak | 45 |
| eAPM avg | 26.6 |
| Villagers / military | 6 / 0 |
Focus
⚔️ 18.8% · 🌾 81.2%
Match map
Initial resources + every placement click. Lines = walls · curves = elevation contours. ◆ gold · ⬟ stone · ● berries · ✦ relic · ◌ wall gap
Your base
[TNT] TW_RED's base
✪ JustOnePixeL's base
korn's base
wackadoodle's base
Free's base
kingofarena's base
JOAO INACIO SHOW's base
Smoothed initial terrain · ◌ = detected wall gap · hover for details
Inputs per minute
— lichu_pastore - - [TNT] TW_RED
Build order — lichu_pastore
7 actions detected in the replay
| 0:01 | Create | Villager (Male) |
| 0:01 | Create | Villager (Male) |
| 0:01 | Create | Villager (Male) |
| 0:03 | Build | House |
| 0:04 | Build | House |
| 0:21 | Create | Villager (Male) |
| 0:21 | Create | Villager (Male) |
Build order — [TNT] TW_RED
7 actions detected in the replay
| 0:01 | Create | Villager (Male) |
| 0:03 | Build | House |
| 0:04 | Build | House |
| 0:09 | Create | Villager (Male) |
| 0:23 | Create | Villager (Male) |
| 0:23 | Create | Villager (Male) |
| 0:24 | Create | Villager (Male) |
Build order — ✪ JustOnePixeL
7 actions detected in the replay
| 0:01 | Create | Villager (Male) |
| 0:01 | Create | Villager (Male) |
| 0:02 | Build | House |
| 0:05 | Build | House |
| 0:08 | Create | Villager (Male) |
| 0:08 | Create | Villager (Male) |
| 0:09 | Create | Villager (Male) |
Build order — korn
6 actions detected in the replay
| 0:00 | Create | Villager (Male) |
| 0:01 | Create | Villager (Male) |
| 0:01 | Create | Villager (Male) |
| 0:03 | Build | House |
| 0:04 | Build | House |
| 0:08 | Create | Villager (Male) |
Build order — wackadoodle
7 actions detected in the replay
| 0:01 | Create | Villager (Male) ×4 |
| 0:02 | Build | House |
| 0:04 | Build | House |
| 0:42 | Research | Loom |
| 0:43 | Create | Villager (Male) |
| 0:43 | Create | Villager (Male) |
| 0:44 | Create | Villager (Male) |
Build order — Free
7 actions detected in the replay
| 0:00 | Create | Villager (Male) |
| 0:01 | Create | Villager (Male) |
| 0:01 | Create | Villager (Male) |
| 0:02 | Build | House |
| 0:03 | Build | House |
| 0:07 | Create | Villager (Male) |
| 0:07 | Create | Villager (Male) |
Build order — kingofarena
11 actions detected in the replay
| 0:01 | Create | Villager (Male) |
| 0:01 | Create | Villager (Male) |
| 0:03 | Build | House |
| 0:05 | Build | House |
| 0:07 | Create | Villager (Male) |
| 0:11 | Research | Loom |
| 0:17 | Create | Villager (Male) |
| 0:36 | Create | Villager (Male) |
| 0:36 | Create | Villager (Male) |
| 0:49 | Build | Palisade Wall |
| 1:01 | Build | Palisade Wall |
Build order — JOAO INACIO SHOW
9 actions detected in the replay
| 0:01 | Create | Villager (Male) |
| 0:01 | Create | Villager (Male) |
| 0:01 | Create | Villager (Male) |
| 0:02 | Create | Villager (Male) |
| 0:02 | Create | Villager (Male) |
| 0:02 | Create | Villager (Male) |
| 0:04 | Build | House |
| 0:06 | Build | House |
| 0:40 | Research | Loom |
Match timeline
| 0:48 | korn · resign |
| 0:49 | kingofarena · wall_segment Palisade Wall x1 |
| 1:01 | kingofarena · wall_segment Palisade Wall x8 |
[ AI ANALYSIS · 1 CREDIT ]
What really happened in this match?
Wolo.gg analyzes every decision: build order, eco, micro, common mistakes by bracket. Personalized analysis on WhatsApp or Discord in 30 seconds.
Civ guide
Poles
Perfil
Jugador #5801253